 Dungeon Crawl Stone Soup version 0.23-b1-13-gf37ab262a9 (webtiles) character file.

Game seed: 15060887783192909915

1314 Peloso the Shield-Bearer (level 8, -2/69 HPs)
             Began as a Minotaur Fighter on Feb 2, 2019.
             Slain by an efreet
             ... wielding a +0 scimitar of flaming
              (3 damage)
             ... on level 1 of the Abyss.
             The game lasted 00:08:06 (4470 turns).

Peloso the Shield-Bearer (Minotaur Fighter)         Turns: 4470, Time: 00:08:07

Health: -2/69      AC: 15    Str: 26    XL:     8   Next: 32%
Magic:  16/16      EV: 11    Int:  5    God:
Gold:   391        SH: 16    Dex: 15    Spells: 7/7 levels left

rFire    . . .     SeeInvis .   a - +0 long sword
rCold    . . .     Gourm    .   c - +0 shield
rNeg     . . .     Faith    .   o - +4 scale mail
rPois    .         Spirit   .   (helmet restricted)
rElec    .         Reflect  +   (no cloak)
rCorr    .         Harm     .   G - +2 pair of gloves {Dex+3}
MR       .....     Rnd*Tele +   (no boots)
Stlth    ..........             y - +5 amulet of reflection
HPRegen  0.21/turn              e - ring of magical power
MPRegen  0.15/turn              t - ring of teleportation (curse)

@: mighty
A: retaliatory headbutt, horns 2
a: no special abilities


You were on level 1 of the Abyss.
You were near starving.

You visited 2 branches of the dungeon, and saw 8 of its levels.
You visited the Abyss 1 time.

You collected 391 gold pieces.

Inventory:

Hand Weapons
 a - a +0 long sword (weapon)
 C - a +1 hand axe of flaming
Armour
 b - a +0 scale mail
 c - a +0 shield (worn)
 o - a +4 scale mail (worn)
 G - a +2 pair of gloves of dexterity (worn)
Jewellery
 e - a ring of magical power (left hand)
 k - an uncursed amulet of regeneration
 t - a cursed ring of teleportation (right hand)
 y - a +5 amulet of reflection (around neck)
Wands
 F - a wand of random effects (16)
Scrolls
 i - 2 scrolls of enchant weapon {unknown}
 l - a scroll of enchant armour {unknown}
 n - 4 scrolls of teleportation {unknown}
 p - 3 scrolls of identify {unknown}
 r - 2 scrolls of remove curse {unknown}
 s - a scroll of noise {unknown}
 z - a scroll of fog {unknown}
 B - a scroll of blinking {unknown}
 D - a scroll of fear {unknown}
Potions
 g - 2 potions of haste {unknown}
 h - 3 potions of flight {unknown}
 j - 2 potions of berserk rage {unknown}
 m - 8 potions of curing {unknown}
 q - 3 potions of degeneration {unknown}
 u - a potion of invisibility {unknown}
 v - 2 potions of heal wounds {unknown}
 w - a potion of ambrosia {unknown}
 x - a potion of agility {unknown}
 A - a potion of experience {unknown}
Comestibles
 f - 15 rations


   Skills:
 + Level 5.4 Fighting
 + Level 6.9 Long Blades
 + Level 6.3 Armour
 + Level 3.9 Dodging
 + Level 1.0 Stealth
 + Level 7.1 Shields


You had 7 spell levels left.
You didn't know any spells.
Your spell library contained the following spells:

 Spells                   Type           Power        Failure   Level  Hunger
 Animate Skeleton         Necr           N/A          97%         1    ##.....
 Apportation              Tloc           #.....       97%         1    ##.....
 Confusing Touch          Hex            #.....       97%         1    ##.....
 Magic Dart               Conj           #...         97%         1    ##.....
 Summon Small Mammal      Summ           #...         97%         1    ##.....
 Searing Ray              Conj           #.....       99%         2    ###....
 Dazzling Spray           Conj/Hex       #.....       100%        3    ####...
 Force Lance              Conj/Tloc      #.......     100%        4    #####..
 Fulminant Prism          Conj/Hex       #.........   100%        4    #####..
 Iskenderun's Mystic Bla  Conj           #.......     100%        4    #####..


Dungeon Overview and Level Annotations

Branches:
Dungeon (7/15)             Temple (1/1) D:5

Altars:
Cheibriados
Dithmenos
Elyvilon
Gozag
Hepliaklqana
Kikubaaqudgha
Makhleb
Nemelex Xobeh
Qazlal
Ru
Sif Muna
Trog
Uskayaw
Vehumet
Wu Jian
Yredelemnul
Zin
The Shining One

Shops:
D:5 :

Annotations:
D:3 3 runed translucent doors, Gargoyl's ghost, amateur CeAK


Innate Abilities, Weirdness & Mutations

You reflexively headbutt those who attack you in melee.
You have a pair of horns on your head.


Message History

You hear a roar!
The worldbinder calls forth creatures from the Elven Halls!
You block the large abomination's attack.
The efreet gestures at you. The bolt of fire hits you!
* * * LOW HITPOINT WARNING * * *
You slash the efreet!
The efreet is heavily wounded.
You block the large abomination's attack.
The efreet gestures at you. The bolt of fire hits you!
* * * LOW HITPOINT WARNING * * *
The deep elf mage hits you but does no damage.
Your shield and scale mail prevent you from hitting the efreet.
The efreet is heavily wounded.
You block the large abomination's attack.
The efreet hits you with a +0 scimitar of flaming.
* * * LOW HITPOINT WARNING * * *
The efreet burns you.
You die...

+# .##
# ..+
#.##Rx#
#.X@e#
#[...#
######


You could see a large abomination, a deep elf mage, a worldbinder and an efreet.

Vanquished Creatures
  An ice beast (D:5)
  A sky beast (D:5)
  5 bullfrogs
  4 crimson imps
  2 hounds
  A quasit (D:6)
  An orc wizard (D:6)
  An orc priest (D:3)
  A centaur skeleton (D:4)
  2 iguanas
  7 worker ants
  4 gnolls
  A howler monkey skeleton (D:7)
  7 adders
  A shadow imp (D:5)
  4 oozes
  An adder zombie (D:7)
  An adder skeleton (D:6)
  3 worms
  2 dart slugs (D:1)
  2 leopard geckos (D:4)
  16 orcs
  3 ball pythons
  4 bats
  3 giant cockroaches
  2 gnoll zombies (D:2)
  9 goblins
  9 hobgoblins
  12 jackals
  6 kobolds
  4 quokkas
  7 frilled lizards
  A quokka skeleton (D:6)
  6 rats
134 creatures vanquished.

Notes
Turn   | Place    | Note
-------+----------+-------------------------------------------
     0 | D:1      | Peloso the Minotaur Fighter began the quest for the Orb.
     0 | D:1      | Reached XP level 1. HP: 19/19 MP: 0/0
    61 | D:1      | Reached XP level 2. HP: 25/27 MP: 1/1
   200 | D:1      | Reached skill level 4 in Shields
   251 | D:1      | Reached XP level 3. HP: 33/33 MP: 2/2
   668 | D:2      | Found a basalt altar of Yredelemnul.
   839 | D:2      | Found a glowing silver altar of Zin.
   839 | D:2      | Found an opulent altar of Gozag.
   840 | D:2      | Found a glowing golden altar of the Shining One.
   900 | D:2      | Reached XP level 4. HP: 40/40 MP: 3/3
   902 | D:2      | Reached skill level 1 in Dodging
  1462 | D:3      | Found a runed translucent gate.
  1462 | D:3      | Found a runed translucent gate.
  1462 | D:3      | Found a runed translucent gate.
  1539 | D:3      | Noticed Gargoyl's ghost (amateur CeAK)
  1692 | D:3      | Reached XP level 5. HP: 30/46 MP: 4/4
  1724 | D:3      | You fall through a shaft for 2 floors!
  1724 | D:5      | Entered Level 5 of the Dungeon
  1773 | D:5      | Reached skill level 5 in Shields
  1789 | D:5      | Noticed a sky beast
  1802 | D:5      | Killed a sky beast
  1802 | D:5      | Reached XP level 6. HP: 48/53 MP: 5/5
  1808 | D:5      | Reached skill level 5 in Long Blades
  1832 | D:5      | Found Reczil's Book Shoppe.
  1843 | D:5      | Noticed an ice beast
  1854 | D:5      | Killed an ice beast
  2126 | D:4      | Reached XP level 7. HP: 60/60 MP: 6/6
  2144 | D:4      | Reached skill level 5 in Armour
  2499 | D:4      | Reached skill level 5 in Fighting
  3119 | D:5      | Found a staircase to the Ecumenical Temple.
  3129 | Temple   | Entered the Ecumenical Temple
  3483 | D:5      | Found a radiant altar of Vehumet.
  3618 | D:6      | Reached skill level 1 in Stealth
  3624 | D:6      | Reached skill level 6 in Shields
  3678 | D:6      | Reached XP level 8. HP: 57/68 MP: 7/7
  4240 | D:6      | Reached skill level 7 in Shields
  4466 | D:7      | Cast into level 1 of the Abyss (gnoll sergeant)
  4467 | Abyss:1  | Noticed a worldbinder
  4467 | Abyss:1  | Noticed an efreet
  4467 | Abyss:1  | Noticed a large abomination
  4469 | Abyss:1  | Noticed a deep elf mage
  4470 | Abyss:1  | HP: 1/69 [efreet/+0 scimitar of flaming (6)]
  4470 | Abyss:1  | Slain by an efreet

Skill      XL: |  1  2  3  4  5  6  7  8 |
---------------+-------------------------+-----
Armour         | 4 6 |  6.3
Shields        | 4 5 6 7 |  7.1
Fighting       | 4 5 |  5.4
Long Blades    | 3 4 5 6 |  6.9
Dodging        | 1 2 3 |  3.9
Stealth        | 1 |  1.0

Action                   |  1- 3 |  4- 6 |  7- 9 || total
-------------------------+-------+-------+-------++-------
Melee: Long sword        |   112 |   174 |   165 ||   451
       Headbutt          |    21 |    27 |    44 ||    92
  Use: Potion            |       |       |     1 ||     1
  Eat: Chunk             |       |     4 |     3 ||     7
       Ration            |       |       |     1 ||     1
Armor: Scale mail        |    52 |    78 |    71 ||   201
Dodge: Dodged            |    29 |    60 |    47 ||   136
Block: Shield            |    58 |    89 |   142 ||   289
       Reflection        |       |       |     2 ||     2
       Rpst.: Long sword |     7 |    18 |    13 ||    38
